 Dungeon Crawl Stone Soup version 0.23.1 (webtiles) character file.

Game seed: 14839783566979905197

2014 elfaar the Cleaver (level 9, 0/78 HPs)
             Began as a Minotaur Berserker on Mar 1, 2019.
             Was an Elder of Trog.
             Slain by an orc warrior
             ... wielding a +0 short sword
              (1 damage)
             ... on level 7 of the Dungeon.
             The game lasted 00:34:49 (5700 turns).

elfaar the Cleaver (Minotaur Berserker)             Turns: 5700, Time: 00:34:51

Health: 0/78       AC: 18    Str: 25    XL:     9   Next: 2%
Magic:  2/2        EV:  8    Int:  4    God:    Trog [****..]
Gold:   371        SH:  0    Dex: 10    Spells: 8/8 levels left

rFire    . . .     SeeInvis .   v - +0 hand axe (antimagic)
rCold    . . .     Gourm    .   (no shield)
rNeg     . . .     Faith    .   k - +1 plate armour
rPois    .         Spirit   .   (helmet restricted)
rElec    .         Reflect  .   (no cloak)
rCorr    .         Harm     .   (no gloves)
MR       .....                  t - +2 pair of boots
Stlth    ..........             b - amulet of inaccuracy (curse)
HPRegen  0.23/turn              (no ring)
MPRegen  0.08/turn              (no ring)

@: confused, lethally poisoned (0 -> -2)
A: retaliatory headbutt, horns 2
a: Berserk, Trog's Hand, Brothers in Arms, Renounce Religion


You were on level 7 of the Dungeon.
You worshipped Trog.
Trog was greatly pleased with you.
You were very hungry.

You visited 1 branch of the dungeon, and saw 7 of its levels.

You collected 371 gold pieces.

Inventory:

Hand Weapons
 a - a +0 hand axe
 h - a +0 war axe
 v - a +0 antimagic hand axe (weapon)
 y - a +1 flail of holy wrath
Missiles
 d - 213 stones
 l - 3 poisoned tomahawks (quivered)
 u - a throwing net
 x - 4 tomahawks
Armour
 k - a +1 plate armour (worn)
 t - a +2 pair of boots (worn)
Jewellery
 b - a cursed amulet of inaccuracy (around neck)
Wands
 n - a wand of polymorph (20)
Scrolls
 i - 3 scrolls of teleportation
 r - a scroll of blinking
 s - a scroll of holy word {unknown}
Potions
 e - a potion of heal wounds
 f - a potion of lignification
 g - a potion of haste {unknown}
 j - 2 potions of might
 m - 2 potions of degeneration {unknown}
 o - 2 potions of flight {unknown}
 p - a potion of brilliance {unknown}
 q - 3 potions of curing {unknown}
 w - a potion of agility {unknown}
Comestibles
 c - 13 rations


   Skills:
 + Level 6.7 Fighting
 + Level 10.0 Axes
 + Level 1.6 Throwing
 + Level 8.2 Armour
 + Level 3.6 Dodging
 + Level 0.6 Stealth


You had 8 spell levels left.
You didn't know any spells.
Your spell library was empty.

Dungeon Overview and Level Annotations

Branches:
Dungeon (7/15)             Temple (0/1) D:4

Altars:
Cheibriados
Dithmenos
Fedhas
Kikubaaqudgha
Ru
Vehumet
Wu Jian
Zin
The Shining One

Annotations:
D:6 exclusion: oklob plant


Innate Abilities, Weirdness & Mutations

You reflexively headbutt those who attack you in melee.
You have a pair of horns on your head.


Message History

You barely miss the hornet. Your headbutt misses the hornet.
You closely miss the orc warrior. You closely miss something.
You hit the orc wizard.
You kill the orc wizard!
Trog accepts your kill.
Trog appreciates your killing of a magic user.
You completely miss the orc wizard.
The hornet stings you but does no damage.
The centaur shoots an arrow.
The arrow completely misses you.
The arrow hits the orc wizard!
Something hits you but does no damage.
The orc wizard falters for a moment.
The hornet closely misses you.
The orc warrior hits you but does no damage.
You bump into the rock wall.
You feel sick.
The orc wizard hits you but does no damage.
The hornet stings you but does no damage.
Something hits you.
* * * LOW HITPOINT WARNING * * *
The orc wizard closely misses you.
The orc warrior hits you with a +0 short sword.
You die...

. .. . .. /. .#
#. .# ..#
#.##.##..#
####.#......##
#.............
.#....oZ....#
.....c(oy..##..
.##.#.#@o......
#...#)#.####.
##....<.#
#...........#
.......########
#....##.# #...#
#.# #... #.#
#.. #.#


You could see a hornet, an orc warrior, a centaur, an orc wizard, an orc and a
centaur skeleton.

Vanquished Creatures
  Pikel (D:4)
  Grinder (D:6)
  2 sky beasts (D:6)
  2 orc warriors (D:6)
  A slave (D:4)
  A centaur (D:5)
  2 bullfrogs (D:6)
  2 scorpions (D:5)
  2 howler monkeys
  A hound (D:5)
  A centaur skeleton (D:6)
  An orc priest (D:5)
  2 jellies
  3 orc wizards
  A bullfrog skeleton (D:6)
  Ijyb (D:2)
  Terence (D:3)
  2 iguanas
  A worker ant (D:4)
  A howler monkey skeleton (D:6)
  6 adders
  An adder zombie (D:5)
  4 worms
  2 adder skeletons
  3 dart slugs
  2 leopard geckos
  12 orcs
  11 bats
  8 giant cockroaches
  15 goblins
  4 hobgoblins
  4 jackals (D:6)
  4 quokkas
  A ball python (D:3)
  7 frilled lizards
  A jackal zombie (D:5)
  4 kobolds
  A leopard gecko zombie (D:6)
  2 quokka skeletons (D:6)
  A quokka zombie (D:5)
  9 rats
131 creatures vanquished.

Vanquished Creatures (others)
  A worm (D:4)
  3 orcs (D:4)
  A leopard gecko skeleton (D:4)
5 creatures vanquished.

Grand Total: 136 creatures vanquished

Notes
Turn   | Place    | Note
-------+----------+-------------------------------------------
     0 | D:1      | elfaar the Minotaur Berserker began the quest for the Orb.
     0 | D:1      | Reached XP level 1. HP: 19/19 MP: 0/0
   153 | D:1      | Reached XP level 2. HP: 26/27 MP: 1/1
   529 | D:1      | Reached skill level 4 in Axes
   831 | D:2      | Reached XP level 3. HP: 33/33 MP: 2/2
  1088 | D:2      | Found a glowing golden altar of the Shining One.
  1131 | D:2      | Found a snail-covered altar of Cheibriados.
  1252 | D:2      | Reached ** piety under Trog
  1841 | D:2      | Noticed Ijyb
  1854 | D:2      | Killed Ijyb
  1854 | D:2      | Reached skill level 5 in Axes
  1854 | D:2      | Reached XP level 4. HP: 34/41 MP: 3/3
  2120 | D:3      | Found a radiant altar of Vehumet.
  2431 | D:3      | Noticed Terence
  2446 | D:3      | Killed Terence
  2446 | D:3      | Reached XP level 5. HP: 44/47 MP: 4/4
  2729 | D:4      | Found an ornate altar of the Wu Jian Council.
  2769 | D:4      | Reached skill level 6 in Axes
  2772 | D:4      | Noticed a slave
  2779 | D:4      | Killed a slave
  2783 | D:4      | Found a staircase to the Ecumenical Temple.
  2784 | D:4      | Noticed a slave
  2784 | D:4      | Noticed Pikel
  2787 | D:4      | Noticed a slave
  2789 | D:4      | Noticed a slave
  3130 | D:4      | Killed Pikel
  3130 | D:4      | Reached skill level 5 in Fighting
  3130 | D:4      | Reached skill level 7 in Axes
  3130 | D:4      | Reached skill level 5 in Armour
  3130 | D:4      | Reached XP level 6. HP: 56/56 MP: 5/5
  3130 | D:4      | Reached XP level 7. HP: 61/61 MP: 6/6
  3725 | D:5      | Entered Level 5 of the Dungeon
  3738 | D:5      | Reached skill level 8 in Axes
  3751 | D:5      | Reached skill level 1 in Throwing
  3802 | D:5      | Reached *** piety under Trog
  3945 | D:5      | Found a blossoming altar of Fedhas.
  3965 | D:5      | Reached XP level 8. HP: 26/70 MP: 7/7
  4129 | D:5      | Found a faded altar of an unknown god.
  4129 | D:5      | Found a faded altar of an unknown god.
  4139 | D:5      | Found a shadowy altar of Dithmenos.
  4141 | D:5      | Found a sacrificial altar of Ru.
  4143 | D:5      | Found a glowing silver altar of Zin.
  4422 | D:6      | Noticed Grinder
  4466 | D:6      | Killed Grinder
  4466 | D:6      | Reached skill level 9 in Axes
  5016 | D:6      | Found a snail-covered altar of Cheibriados.
  5174 | D:6      | Found an ancient bone altar of Kikubaaqudgha.
  5369 | D:6      | Found a sacrificial altar of Ru.
  5388 | D:6      | Noticed an oklob plant
  5397 | D:6      | Reached skill level 10 in Axes
  5416 | D:6      | Reached **** piety under Trog
  5416 | D:6      | Reached XP level 9. HP: 60/78 MP: 2/8
  5694 | D:7      | Paralysed by a hornet for 3 turns
  5698 | D:7      | HP: 3/78 [orc wizard/+0 dagger (3)]
  5700 | D:7      | HP: 1/78 [something (2)]
  5700 | D:7      | Slain by an orc warrior

Skill      XL: |  1  2  3  4  5  6  7  8 |
---------------+-------------------------+-----
Fighting       | 4 5 6 |  6.7
Axes           | 4 5 7 8 10 | 10.0
Armour         | 3 5 6 8 |  8.2
Throwing       | 1 |  1.6
Dodging        | 3 |  3.6
Stealth        | |  0.6

Action                   |  1- 3 |  4- 6 |  7- 9 || total
-------------------------+-------+-------+-------++-------
Melee: Hand axe          |    70 |   134 |   231 ||   435
       Headbutt          |     7 |    27 |    31 ||    65
Throw: Stone             |     3 |     7 |     2 ||    12
       Tomahawk          |       |     3 |     4 ||     7
Invok: Berserk           |     1 |     2 |     2 ||     5
  Use: Scroll            |       |    11 |     1 ||    12
  Eat: Chunk             |     2 |     7 |    10 ||    19
Armor: Animal skin       |     3 |       |       ||     3
       Plate armour      |    36 |    84 |   155 ||   275
Dodge: Dodged            |    34 |    63 |    77 ||   174
